[Event "*** Titled Tuesday Blitz"]
[Site "Chess.com"]
[Date "2019.11.05"]
[Round "3"]
[White "KhalilMousavi77"]
[Black "Storne89"]
[Result "1-0"]
[WhiteElo "2895"]
[BlackElo "2687"]
[TimeControl "180+2"]
[EndTime "13:34:49 PST"]
[Termination "KhalilMousavi77 won by resignation"]

1. c4 e5 2. Nc3 Nc6 3. Nf3 Nf6 4. e4 Bb4 5. d3 d6 6. a3 Bc5 7. b4 Bb6 8. Na4 Nd4 9. Nxb6 Nxf3+ 10. Qxf3 axb6 11.
Qg3 Nh5 12. Qf3 Nf6 13. h3 O-O 14. Be2 Nd7 15. O-O Re8 16. Qg3 Nf8 17. f4 exf4 18.
Bxf4 Ng6 19. Bg5 f6 20. Be3 Be6 21. h4 Ne5 22. h5 Qe7 23. h6 g5 24. Rf2 Rf8 25.
Raf1 Rf7 26. Rxf6 Rxf6 27. Qxg5+ Ng6 28. Rxf6 Re8 29. Rxg6+ hxg6 30. Qxg6+ Kf8 31. Bd4 Qf7 32. Bg7+ Ke7 33. Qg5+ Kd7 34. Bh5 Qg8 35. Bxe8+ Kxe8 36.
Qg6+ Bf7 37. h7 1-0

[Event "*** Titled Tuesday Blitz"]
[Site "Chess.com"]
[Date "2019.11.05"]
[Round "3"]
[White "Adham_Fawzy"]
[Black "Misha_Bilous"]
[Result "1-0"]
[WhiteElo "2722"]
[BlackElo "2487"]
[TimeControl "180+2"]
[EndTime "13:34:56 PST"]
[Termination "Adham_Fawzy won on time"]

1. e4 c5 2. Nf3 d6 3. d4 cxd4 4. Nxd4 Nf6 5. Nc3 a6 6. Bg5 Nbd7 7. Qe2 h6 8. Bh4 g6 9. f4 e5 10. fxe5 dxe5 11. O-O-O Qc7 12. Nb3 b5 13. Rxd7 Nxd7 14.
Nd5 Qb8 15. Na5 Bb7 16. Qd2 Bxd5 17. Qxd5 Bd6 18. Be2 O-O 19. Rd1 Bc7 20. Nc6 Nb6 21.
Qd2 Qb7 22. Qxh6 Qxc6 23. Rd3 Rac8 24. Rh3 Bd8 25. Qh8+ 1-0

[Event "*** Titled Tuesday Blitz"]
[Site "Chess.com"]
[Date "2019.11.05"]
[Round "3"]
[White "vugarrasulov"]
[Black "LPSupi"]
[Result "0-1"]
[WhiteElo "2763"]
[BlackElo "2997"]
[TimeControl "180+2"]
[EndTime "13:35:08 PST"]
[Termination "LPSupi won by resignation"]

1. d4 Nf6 2. c4 g6 3. Nc3 d5 4. Nf3 Bg7 5. Bf4 O-O 6. e3 c5 7. dxc5 Qa5 8. Rc1 Ne4 9. cxd5 Nd7 10. c6 bxc6 11. dxc6 Nxc3 12. bxc3 Bxc3+ 13. Nd2 Nf6 14.
Bd3 Rd8 15. Qc2 Bxd2+ 16. Qxd2 Qxd2+ 17. Kxd2 Ba6 18. Rc3 Ne4+ 19. Kc2 Rxd3 20. Rxd3 Bxd3+ 21. Kxd3 Nxf2+ 22. Kc4 Nxh1 23. Kb5 Rc8 24. c7 Kf8 25. Kc6 Ke8 26. a4 a5 27. Kb5 Kd7 28. Kxa5 Kc6 0-1

[Event "*** Titled Tuesday Blitz"]
[Site "Chess.com"]
[Date "2019.11.05"]
[Round "3"]
[White "chanchakman"]
[Black "twitchTriniCupid"]
[Result "0-1"]
[WhiteElo "2160"]
[BlackElo "2434"]
[TimeControl "180+2"]
[EndTime "13:35:22 PST"]
[Termination "twitchTriniCupid won by resignation"]

1. g3 e5 2. Bg2 Nf6 3. c4 g6 4.
Nc3 Bg7 5. d3 O-O 6. Nf3 d6 7.
O-O Nc6 8. Nd5 h6 9. Rb1 a5 10. b3 Nxd5 11. cxd5 Nb4 12. e4 Nxa2 13. Qd2 Nb4 14. Ba3 c5 15. dxc6 Nxc6 16. Rfc1 Be6 17.
Ne1 Nd4 18. b4 Nb3 19. Qb2 Nxc1 20. Rxc1 Rc8 21. Rb1 a4 22. b5 Bb3 23. Nf3 Rc2 24. Qa1 Ra2 0-1

[Event "*** Titled Tuesday Blitz"]
[Site "Chess.com"]
[Date "2019.11.05"]
[Round "3"]
[White "justantan"]
[Black "SiddharthGMJagadeesh"]
[Result "1-0"]
[WhiteElo "2844"]
[BlackElo "2586"]
[TimeControl "180+2"]
[EndTime "13:35:23 PST"]
[Termination "justantan won by resignation"]

1. e4 c5 2. Nf3 Nc6 3. Bb5 g6 4. O-O Bg7 5. c3 Nf6 6. Re1 O-O 7.
d4 d5 8. e5 Ne4 9. Bxc6 bxc6 10.
Be3 cxd4 11. Nxd4 Bb7 12. f3 Nc5 13. Nxc6 Qc7 14. Bxc5 Qxc6 15. Bd4 e6 16. Nd2 Ba6 17. a4 Rfb8 18. b4 Bc4 19. b5 Qc7 20. Nxc4 Qxc4 21.
Rb1 Bf8 22. Qb3 Qc7 23. Rec1 Bc5 24. Kh1 a6 25. Bxc5 Qxc5 26. c4 dxc4 27. Qxc4 Qd5 28. Qxd5 exd5 29. b6 a5 30. b7 1-0

[Event "*** Titled Tuesday Blitz"]
[Site "Chess.com"]
[Date "2019.11.05"]
[Round "3"]
[White "pheonixking2000"]
[Black "YQPerez"]
[Result "0-1"]
[WhiteElo "2674"]
[BlackElo "2867"]
[TimeControl "180+2"]
[EndTime "13:35:28 PST"]
[Termination "YQPerez won by resignation"]

1. b3 d5 2. Bb2 Nf6 3. Nf3 Bf5 4. g3 e6 5. Bg2 h6 6. c4 Be7 7. d4 O-O 8. O-O c6 9. Nfd2 Nbd7 10. Nc3 a5 11. e4 dxe4 12. Ndxe4 Nxe4 13. Nxe4 a4 14. Bc3 Nf6 15. Nc5 axb3 16. axb3 Rxa1 17. Qxa1 b6 18.
Na4 Ne4 19. Bb2 Nd2 20. Bxc6 Nxf1 21. Qxf1 Bf6 22. d5 exd5 23. Bxd5 Bxb2 24. Nxb2 Re8 25.
Nd3 Qf6 26. Nf4 Qc3 27. Kg2 Re1 28. Ne2 Qd2 0-1

[Event "*** Titled Tuesday Blitz"]
[Site "Chess.com"]
[Date "2019.11.05"]
[Round "3"]
[White "belisarius64"]
[Black "ER404"]
[Result "1-0"]
[WhiteElo "2595"]
[BlackElo "2272"]
[TimeControl "180+2"]
[EndTime "13:35:30 PST"]
[Termination "belisarius64 won by resignation"]

1. e4 c6 2. d4 d5 3. exd5 cxd5 4. Bd3 Nc6 5. c3 Qc7 6. h3 Nf6 7. Nf3 g6 8. O-O Bf5 9. Be2 Bg7 10. Re1 O-O 11.
Nbd2 Rfe8 12. Nf1 Ne4 13. Ne3 Be6 14. Bd3 Nd6 15. Ng4 Bf5 16. Bf1 Ne4 17. Ne3 Be6 18. c4 dxc4 19. d5 Rad8 20. Qc2 Nxf2 21. dxe6 Nd3 22.
exf7+ Kxf7 23. Qxc4+ 1-0

[Event "*** Titled Tuesday Blitz"]
[Site "Chess.com"]
[Date "2019.11.05"]
[Round "3"]
[White "newauto"]
[Black "el-reptiliano"]
[Result "0-1"]
[WhiteElo "1900"]
[BlackElo "2292"]
[TimeControl "180+2"]
[EndTime "13:35:33 PST"]
[Termination "el-reptiliano won by resignation"]

1. e4 c5 2. Nf3 e6 3. c3 d5 4. exd5 Qxd5 5. d4 cxd4 6. cxd4 Nc6 7. Nc3 Bb4 8. Be2 Nf6 9. O-O Bxc3 10. bxc3 O-O 11. c4 Qd6 12. a4 Rd8 13. Ba3 Qf4 14. Bc1 Qc7 15. Bg5 b6 16. Bxf6 gxf6 17. Qd2 Ne7 18.
Qh6 Ng6 19. Rfd1 Bb7 20. Rac1 Rac8 21. d5 Qf4 22. Qh5 exd5 23. cxd5 Rxc1 0-1

[Event "*** Titled Tuesday Blitz"]
[Site "Chess.com"]
[Date "2019.11.05"]
[Round "3"]
[White "PawnEatingZombie"]
[Black "XiaoKangZhong"]
[Result "1-0"]
[WhiteElo "2183"]
[BlackElo "2354"]
[TimeControl "180+2"]
[EndTime "13:35:35 PST"]
[Termination "PawnEatingZombie won by resignation"]

1. d4 Nf6 2. c4 g6 3. Nc3 d5 4.
cxd5 Nxd5 5. e4 Nxc3 6. bxc3 Bg7 7. Bg5 O-O 8. Rc1 h6 9. Be3 c5 10. Qd2 Qa5 11. Bxh6 Bxh6 12. Qxh6 cxd4 13. Nf3 Nd7 14. Bc4 dxc3 15. Qxg6+ Kh8 16. Qh6+ Kg8 17. O-O Nf6 18. e5 Nh7 19. Qg6+ Kh8 20. Bxf7 Qb6 21. e6 Qc5 22. Rfe1 c2 23. Rxc2 Qb4 24. Rce2 b6 25. Re4 Qb2 26. Rg4 Bb7 27. Ng5 Qg7 28. Qxh7+ Qxh7 29. Nxh7 Kxh7 30. Re3 1-0

[Event "*** Titled Tuesday Blitz"]
[Site "Chess.com"]
[Date "2019.11.05"]
[Round "3"]
[White "GHANDEEVAM2003"]
[Black "LuckIsMySkill"]
[Result "1-0"]
[WhiteElo "3007"]
[BlackElo "2769"]
[TimeControl "180+2"]
[EndTime "13:35:49 PST"]
[Termination "GHANDEEVAM2003 won by resignation"]

1. e4 d6 2. d4 Nf6 3. Nc3 g6 4. Bc4 c6 5. Qe2 d5 6. e5 dxc4 7. exf6 Be6 8. fxe7 Bxe7 9. Bh6 Qxd4 10. Nf3 Qg4 11. Qe5 f6 12. Qc7 Qxg2 13. O-O-O Qxf3 14. Rhe1 Na6 15. Qxb7 Kf7 16. Rxe6 Rae8 17. Rde1 1-0

[Event "*** Titled Tuesday Blitz"]
[Site "Chess.com"]
[Date "2019.11.05"]
[Round "3"]
[White "Qvalda"]
[Black "deBaller"]
[Result "1-0"]
[WhiteElo "2531"]
[BlackElo "2332"]
[TimeControl "180+2"]
[EndTime "13:35:52 PST"]
[Termination "Qvalda won by resignation"]

1. d4 e6 2. Nf3 Nf6 3. Bg5 h6 4. Bxf6 Qxf6 5. Nbd2 d5 6. e4 Qd8 7. e5 c5 8. c3 Nc6 9. Bd3 Be7 10. O-O Qb6 11.
dxc5 Qc7 12. Qe2 Bxc5 13. b4 Be7 14. Nb3 Bd7 15. Rfe1 O-O-O 16. a4 g5 17. a5 g4 18.
Nfd2 Rdg8 19. b5 Nd8 20. b6 Qb8 21. a6 axb6 22. axb7+ Nxb7 23. Ba6 h5 24. c4 d4 25.
Nxd4 Bc5 26. N2b3 Bxd4 27. Nxd4 h4 28. Qe4 g3 29. fxg3 hxg3 30. h3 Qc7 31. c5 bxc5 32.
Reb1 Rh4 33. Bxb7+ Kd8 34. Qxh4+ 1-0

[Event "*** Titled Tuesday Blitz"]
[Site "Chess.com"]
[Date "2019.11.05"]
[Round "3"]
[White "GMOratovsky"]
[Black "CarrotsandPizza"]
[Result "0-1"]
[WhiteElo "2498"]
[BlackElo "2263"]
[TimeControl "180+2"]
[EndTime "13:35:58 PST"]
[Termination "CarrotsandPizza won by checkmate"]

1. e4 c5 2. Nf3 Qb6 3. Nc3 Nc6 4. Nd5 Qa5 5. Nc3 Qb6 6. Bb5 e6 7. Bxc6 bxc6 8. O-O Ne7 9. d3 Ng6 10. a4 Be7 11. a5 Qc7 12. g3 O-O 13. Be3 e5 14.
Nd2 f5 15. Nb3 f4 16. Bxc5 d6 17. Ba3 Bh3 18. Re1 Qd7 19. Nd2 Rf7 20. Ne2 Raf8 21.
d4 Qg4 22. dxe5 Nxe5 23. Nxf4 Rxf4 24. Qxg4 Rxg4 25. Rad1 h5 26. Re3 Bg5 27. Bxd6 Bxe3 28. Bxf8 Bxd2 29. Rxd2 Nf3+ 30. Kh1 Nxd2 31. Bb4 Rxe4 32.
Bxd2 Re2 33. Bb4 Rxf2 34. Bc5 Rxc2 35. Bg1 Bg2# 0-1

[Event "*** Titled Tuesday Blitz"]
[Site "Chess.com"]
[Date "2019.11.05"]
[Round "3"]
[White "victormago"]
[Black "bubacik"]
[Result "0-1"]
[WhiteElo "2460"]
[BlackElo "2679"]
[TimeControl "180+2"]
[EndTime "13:35:59 PST"]
[Termination "bubacik won on time"]

1. d4 Nf6 2. c4 e6 3. Nc3 Bb4 4. Qc2 c5 5. dxc5 Nc6 6. Nf3 Bxc5 7. e3 O-O 8. a3 d5 9. b4 Bd6 10. Bb2 Qe7 11. Rd1 a5 12. b5 Ne5 13. Nxe5 Bxe5 14.
cxd5 exd5 15. Nxd5 Nxd5 16. Rxd5 Bf5 17. Bd3 Rac8 0-1

[Event "*** Titled Tuesday Blitz"]
[Site "Chess.com"]
[Date "2019.11.05"]
[Round "3"]
[White "MarcoRiehle"]
[Black "ural58"]
[Result "0-1"]
[WhiteElo "2524"]
[BlackElo "2418"]
[TimeControl "180+2"]
[EndTime "13:36:06 PST"]
[Termination "ural58 won by resignation"]

1. e4 d5 2. exd5 Qxd5 3. Nc3 Qa5 4. d4 Nf6 5. Nf3 Nc6 6. Be3 Bg4 7. h3 Bh5 8. g4 Bg6 9. Qe2 O-O-O 10. O-O-O e6 11. Ne5 Nxe5 12. dxe5 Nd5 13. Nxd5 Rxd5 14. Bg2 Rxe5 15. Qc4 Bc5 16. Bf4 b5 17. Qf1 Qa4 18. Kb1 Bxc2+ 19. Ka1 Bb3 20. Rd8+ Rxd8 21. Qb1 Re2 22. Bg3 Bd4 23. Rc1 Rd7 0-1

[Event "*** Titled Tuesday Blitz"]
[Site "Chess.com"]
[Date "2019.11.05"]
[Round "3"]
[White "Saitama_Hero"]
[Black "codapbg94"]
[Result "1-0"]
[WhiteElo "2355"]
[BlackElo "2151"]
[TimeControl "180+2"]
[EndTime "13:36:06 PST"]
[Termination "Saitama_Hero won by resignation"]

1. Nf3 Nf6 2. c4 g6 3. g3 Bg7 4. Bg2 O-O 5. O-O d6 6. d4 c6 7.
Nc3 Qb6 8. Re1 Qa6 9. b3 b5 10. cxb5 cxb5 11. e4 Bb7 12. Bf1 Qa5 13. b4 Qxb4 14.
Bd2 Qa5 15. Nxb5 Qd8 16. Bd3 Nc6 17. Rb1 Nd7 18. Nxd6 exd6 19. Rxb7 Nxd4 20. Nxd4 Bxd4 21.
Qa4 Nc5 22. Qxd4 Nxb7 23. Bh6 f6 24. Bxf8 Qxf8 25. Qd5+ Qf7 26. Bc4 1-0

[Event "*** Titled Tuesday Blitz"]
[Site "Chess.com"]
[Date "2019.11.05"]
[Round "3"]
[White "novocane"]
[Black "Manukyan_Artak"]
[Result "0-1"]
[WhiteElo "2173"]
[BlackElo "2383"]
[TimeControl "180+2"]
[EndTime "13:36:07 PST"]
[Termination "Manukyan_Artak won by resignation"]

1. d4 Nf6 2. c4 e6 3. Nc3 Bb4 4. e3 O-O 5. Ne2 d5 6. a3 Be7 7. cxd5 exd5 8. Nf4 c6 9. Bd3 Re8 10.
O-O Nbd7 11. Bc2 Nf8 12. f3 Ng6 13. e4 a5 14. e5 Nd7 15. e6 Ndf8 16. exf7+ Kxf7 17. Kh1 Bd6 18. Nxg6 Nxg6 19. f4 Qh4 20. g3 Qh3 21.
Qf3 Kg8 22. Bd2 b5 23. Nxb5 Bg4 24. Qb3 Re2 0-1

[Event "*** Titled Tuesday Blitz"]
[Site "Chess.com"]
[Date "2019.11.05"]
[Round "3"]
[White "albi1999"]
[Black "JonahWillow"]
[Result "0-1"]
[WhiteElo "2591"]
[BlackElo "2800"]
[TimeControl "180+2"]
[EndTime "13:36:08 PST"]
[Termination "JonahWillow won by resignation"]

1. d4 d5 2. c4 dxc4 3. Nf3 a6 4. e3 Bg4 5. Bxc4 e6 6. h3 Bh5 7. g4 Bg6 8. Ne5 Be4 9. f3 Bd5 10. Bxd5 exd5 11. O-O Bd6 12. Nc3 h5 13. Kg2 Nc6 14. f4 Nge7 15. Qf3 f6 16. Nxc6 bxc6 17. f5 hxg4 18.
Qxg4 Qd7 19. Bd2 O-O-O 20. Ne2 Rdg8 21. Nf4 Nxf5 22. Ng6 Nh4+ 23. Nxh4 Qxg4+ 24. hxg4 Rxh4 25. Rh1 Rxg4+ 26. Kf3 Rg3+ 27. Kf2 Re8 28. Rae1 Kb7 29. Bb4 Rg5 30. Bd2 Bg3+ 0-1

[Event "*** Titled Tuesday Blitz"]
[Site "Chess.com"]
[Date "2019.11.05"]
[Round "3"]
[White "Slovak_fighter2000"]
[Black "vladimirdamjanovic"]
[Result "0-1"]
[WhiteElo "2396"]
[BlackElo "2609"]
[TimeControl "180+2"]
[EndTime "13:36:11 PST"]
[Termination "vladimirdamjanovic won by resignation"]

1. d4 Nf6 2. Bf4 c5 3. e3 d5 4. c3 Qb6 5. Qb3 c4 6. Qc2 Nc6 7. Nd2 Bg4 8. e4 e6 9. f3 Bh5 10. b3 cxb3 11. Qxb3 Be7 12. Bd3 O-O 13. Ne2 Bg6 14. O-O dxe4 15. fxe4 Rfd8 16. Qxb6 axb6 17. Be3 Ng4 18. Bf4 e5 19. Bg3 exd4 20. cxd4 Nxd4 21.
Rfd1 Bc5 22. Kh1 Nxe2 23. Bxe2 Ne3 24. Nb3 Nxd1 25. Bxd1 Rxa2 26. Rc1 Ba3 27. Rb1 Bxe4 0-1

[Event "*** Titled Tuesday Blitz"]
[Site "Chess.com"]
[Date "2019.11.05"]
[Round "3"]
[White "Bishops83"]
[Black "ExploringChess"]
[Result "0-1"]
[WhiteElo "2277"]
[BlackElo "2712"]
[TimeControl "180+2"]
[EndTime "13:36:17 PST"]
[Termination "ExploringChess won by resignation"]

1. e4 e6 2. d4 d5 3. Nc3 Nf6 4. Bg5 Be7 5. e5 Nfd7 6. h4 c5 7.
Bxe7 Kxe7 8. Qg4 cxd4 9. Qg5+ Ke8 10. Qxg7 Rf8 11. Nb5 Qa5+ 12. Kd1 Nc6 13. f4 Kd8 14. Nf3 Qb4 15. Kc1 a6 16. Nd6 d3 17. Bxd3 Qxf4+ 18. Kb1 Kc7 19. Re1 f6 20. Nf7 fxe5 21. N7g5 Kb6 22.
Nxe6 Qf6 23. Qxf6 Rxf6 24. Neg5 e4 25. Nxh7 Rh6 26. Nhg5 exf3 27. Nxf3 Nf6 28. c4 dxc4 29. Bxc4 Bf5+ 30. Kc1 Rc8 0-1

[Event "*** Titled Tuesday Blitz"]
[Site "Chess.com"]
[Date "2019.11.05"]
[Round "3"]
[White "Alex_Molchanov"]
[Black "boasovietica"]
[Result "0-1"]
[WhiteElo "2620"]
[BlackElo "2445"]
[TimeControl "180+2"]
[EndTime "13:36:19 PST"]
[Termination "boasovietica won by resignation"]

1. c4 c5 2. Nc3 Nc6 3. g3 e5 4. Bg2 g6 5. d3 Bg7 6. Nf3 Nge7 7. Nd2 d6 8. Nf1 a6 9. Ne3 Rb8 10. O-O O-O 11. a3 b5 12. Ncd5 Nxd5 13. Nxd5 Ne7 14. Rb1 Be6 15. b4 bxc4 16. dxc4 Nxd5 17. Bxd5 Bh3 18.
Re1 Kh8 19. Be3 f5 20. f4 exf4 21. Bxf4 g5 22. Be3 f4 23. Bf2 Be5 24. bxc5 Rxb1 25. Qxb1 dxc5 26. Qe4 Qf6 27. g4 Bxg4 28. Bxc5 Re8 29.
Rb1 f3 30. Rb7 Bxh2+ 31. Kxh2 Rxe4 32. Bxe4 Qf4+ 0-1

[Event "*** Titled Tuesday Blitz"]
[Site "Chess.com"]
[Date "2019.11.05"]
[Round "3"]
[White "GianmarcoVaR"]
[Black "Iyael"]
[Result "0-1"]
[WhiteElo "2517"]
[BlackElo "2105"]
[TimeControl "180+2"]
[EndTime "13:36:25 PST"]
[Termination "Iyael won by checkmate"]

1. d4 Nf6 2. Nf3 g6 3. c4 Bg7 4. g3 d6 5. Bg2 O-O 6. O-O Nbd7 7. Nc3 e5 8. e4 c6 9. h3 Qb6 10. Rb1 a5 11. Be3 Qc7 12. Re1 Re8 13. d5 Nf8 14. Qd2 Bd7 15. dxc6 Bxc6 16. Nh2 Ne6 17. Nd5 Bxd5 18. cxd5 Nc5 19. Rbc1 b6 20. f3 Qd7 21. Bf1 Rec8 22. Rc2 Nfxe4 23. fxe4 Nxe4 24. Rxc8+ Rxc8 25. Qg2 f5 26. Bxb6 Qb7 27. Bxa5 Qxd5 28. b4 Rc3 29. b5 Rxg3 30. a4 Rxg2+ 31. Bxg2 Qd4+ 32. Kh1 Ng3# 0-1

[Event "*** Titled Tuesday Blitz"]
[Site "Chess.com"]
[Date "2019.11.05"]
[Round "3"]
[White "mikhaillushenkov"]
[Black "joppie2"]
[Result "1-0"]
[WhiteElo "2708"]
[BlackElo "2880"]
[TimeControl "180+2"]
[EndTime "13:36:33 PST"]
[Termination "mikhaillushenkov won by resignation"]

1. Nf3 d5 2. d4 Nf6 3. c4 dxc4 4. e3 Bg4 5. Bxc4 e6 6. Be2 c5 7. Nc3 Nc6 8. Qa4 Qd7 9. dxc5 Bxc5 10. O-O O-O 11. Rd1 Qe7 12. Bd2 Rfd8 13. Be1 h6 14. Rac1 a6 15. a3 e5 16. Ne4 Nxe4 17. Qxe4 Bh5 18.
Bc4 Kh8 19. Rxd8+ Rxd8 20. Nh4 Qf6 21. h3 Be7 22. Nf5 Bg6 23. g4 Bf8 24. Bc3 Rd7 25. f4 Bxf5 26. gxf5 Qh4 27. Qf3 exf4 28. exf4 Nd4 29.
Bxd4 Rxd4 30. Bxf7 Rxf4 31. Rc8 Qg5+ 32. Kh1 g6 33.
Qc3+ Kh7 34. fxg6+ 1-0

[Event "*** Titled Tuesday Blitz"]
[Site "Chess.com"]
[Date "2019.11.05"]
[Round "3"]
[White "kuli4ik"]
[Black "kingofthenil"]
[Result "1-0"]
[WhiteElo "2832"]
[BlackElo "2559"]
[TimeControl "180+2"]
[EndTime "13:36:35 PST"]
[Termination "kuli4ik won by resignation"]

1. d4 Nf6 2. Bg5 d5 3. Nf3 c5 4. c3 Nc6 5. e3 e6 6. Nbd2 Be7 7. Bd3 O-O 8. O-O b6 9. Qe2 Bb7 10. Rad1 h6 11. Bh4 Qc7 12. Rfe1 Rad8 13. a3 Rfe8 14.
Bb5 Ne4 15. Bxe7 Rxe7 16. Nxe4 dxe4 17. Nd2 Nb8 18. dxc5 Qxc5 19. Nxe4 Qc7 20. Rxd8+ Qxd8 21. Rd1 Qc7 22. Qd3 Nc6 23. Qd6 Ne5 24. Qxc7 Rxc7 25.
Rd8+ Kh7 26. Nd6 Bc6 27. Be2 g6 28. f4 Nd7 29. Nxf7 Nc5 30. Ne5 Be4 31. b4 Na4 32. c4 Nc3 33. Bf1 a5 34. Rd6 axb4 35. axb4 b5 36.
cxb5 Nd5 37. Rd7+ Rxd7 38. Nxd7 Nxe3 39. Nf6+ 1-0

[Event "*** Titled Tuesday Blitz"]
[Site "Chess.com"]
[Date "2019.11.05"]
[Round "3"]
[White "Dedic8"]
[Black "Zhuu96"]
[Result "0-1"]
[WhiteElo "2746"]
[BlackElo "2980"]
[TimeControl "180+2"]
[EndTime "13:36:36 PST"]
[Termination "Zhuu96 won by resignation"]

1. e4 c5 2. Nf3 d6 3. d4 cxd4 4.
Nxd4 Nf6 5. Nc3 a6 6. h3 e6 7. g4 h6 8. Bg2 g5 9. Be3 Nbd7 10.
h4 gxh4 11. Qe2 Ne5 12. Bh3 Rg8 13. f3 Bd7 14. O-O-O Rc8 15. Kb1 Rxc3 16. bxc3 Qc7 17. Nb3 Nc4 18. Bc1 Bb5 19. Qe1 Bg7 20. Qxh4 Ne5 21.
Bg2 Qxc3 22. Bb2 Qc7 23. f4 Nexg4 24. e5 Ne3 25. Rd2 dxe5 26. Bxe5 Qe7 27. Bd6 Nxg2 28. Qh2 Qd7 29. Qxg2 Bc6 30. Qh2 Ne4 31. Rhd1 Nc3+ 32. Kc1 Nxa2+ 33. Kb1 Nc3+ 34. Kc1 Nxd1 35. Rxd1 Bd5 36.
Be5 0-1

[Event "*** Titled Tuesday Blitz"]
[Site "Chess.com"]
[Date "2019.11.05"]
[Round "3"]
[White "JakubPulpan"]
[Black "raswi"]
[Result "1-0"]
[WhiteElo "2713"]
[BlackElo "2223"]
[TimeControl "180+2"]
[EndTime "13:36:42 PST"]
[Termination "JakubPulpan won by resignation"]

1. e4 c5 2. Nf3 Nc6 3. Bb5 g6 4. Bxc6 bxc6 5. O-O Bg7 6. Re1 e5 7. c3 Ne7 8. d4 cxd4 9. cxd4 exd4 10. Nxd4 O-O 11.
Nc3 d5 12. exd5 Nf5 13. Nxc6 Qc7 14. Qf3 Bb7 15. Bf4 Qb6 16. Ne7+ Nxe7 17. Rxe7 Qxb2 18.
Rb1 Qxc3 19. Qxc3 Bxc3 20. Rbxb7 Rfe8 21. d6 Bf6 22. Rxe8+ Rxe8 23. g4 Re4 24. Bh6 Re8 25. Rxa7 Rd8 26. Bf4 g5 27. Bg3 Kg7 28. d7 Bd4 29. Bc7 Rg8 30. Rb7 Bf6 31. a4 Bd8 32. a5 Kf6 33. a6 Ke7 34. a7 Bxc7 35. Rxc7 Rf8 36. Rc8 1-0

[Event "*** Titled Tuesday Blitz"]
[Site "Chess.com"]
[Date "2019.11.05"]
[Round "3"]
[White "ShahMatKanal"]
[Black "AyelenChess"]
[Result "1-0"]
[WhiteElo "2532"]
[BlackElo "2029"]
[TimeControl "180+2"]
[EndTime "13:36:43 PST"]
[Termination "ShahMatKanal won by checkmate"]

1. d4 Nf6 2. c4 g6 3. Nc3 Bg7 4. e4 d6 5. Be2 O-O 6. Nf3 e5 7. d5 a5 8. O-O Na6 9. Qc2 Nc5 10. Bg5 h6 11. Be3 b6 12. Nd2 Ng4 13. Bxg4 Bxg4 14. b3 Bh5 15. a3 f5 16. f3 f4 17. Bf2 g5 18. b4 Nd7 19. Nb3 g4 20. fxg4 Bxg4 21. h3 Bh5 22. c5 bxc5 23. bxc5 f3 24. g3 Kh8 25. Kh2 Rg8 26. Nb5 Nf6 27. Nd2 Qe7 28. cxd6 cxd6 29. Qc6 Rad8 30. Rac1 Be8 31. Qc7 Rd7 32. Qb6 Nh5 33. Nxf3 Bf6 34. Rc7 Qg7 35. Rg1 Bd8 36. Rxd7 Qxd7 37. Qxd6 Qxb5 38. Qxh6# 1-0

[Event "*** Titled Tuesday Blitz"]
[Site "Chess.com"]
[Date "2019.11.05"]
[Round "3"]
[White "Perecke"]
[Black "r31415"]
[Result "0-1"]
[WhiteElo "2139"]
[BlackElo "2438"]
[TimeControl "180+2"]
[EndTime "13:36:43 PST"]
[Termination "r31415 won by resignation"]

1. e4 e5 2. Nf3 Nc6 3. d4 exd4 4.
Bc4 Nf6 5. O-O d6 6. Nxd4 Be7 7. Nc3 O-O 8. f3 Bd7 9. Be3 Ne5 10. Be2 Bc8 11. h3 Re8 12. f4 Ned7 13. g4 Nc5 14.
Bf3 Bf8 15. Bf2 Nfxe4 16. Nxe4 Nxe4 17. Be1 d5 18. c3 c6 19. Qd3 Qb6 20. Bxe4 dxe4 21.
Qe2 Be6 22. Bf2 Qc7 23. Nxe6 Rxe6 24. f5 Ree8 25. Kg2 Rad8 26. Rad1 c5 27. Bg3 Qc6 28.
Qe3 Rd3 29. Rxd3 exd3+ 30. Qf3 Re2+ 31. Rf2 d2 32. Qxc6 bxc6 33. Rxe2 d1=Q 34. Re8 Qd2+ 35. Kf3 f6 36. Bf2 Kf7 37. Re2 Qd5+ 0-1

[Event "*** Titled Tuesday Blitz"]
[Site "Chess.com"]
[Date "2019.11.05"]
[Round "3"]
[White "rasmussvane"]
[Black "TomsKantans"]
[Result "1-0"]
[WhiteElo "2838"]
[BlackElo "2601"]
[TimeControl "180+2"]
[EndTime "13:36:46 PST"]
[Termination "rasmussvane won by checkmate"]

1. Nf3 c5 2. c4 Nc6 3. b3 Nf6 4. Bb2 e6 5. g3 d5 6. cxd5 exd5 7. Bg2 Be7 8. O-O O-O 9. d4 Ne4 10. dxc5 Bxc5 11. Nc3 Be6 12. Rc1 Qa5 13. Na4 Be7 14. e3 Rac8 15. Qe2 b5 16. Nc3 Bf6 17. Nxe4 dxe4 18.
Nd4 Nxd4 19. Bxd4 Bxd4 20. exd4 f5 21. Rc5 Rxc5 22. dxc5 Rc8 23. Rc1 Qb4 24. c6 a5 25. Bf1 a4 26. Qxb5 Qd2 27. Qe5 Kf7 28. Rc5 a3 29. Rb5 Rxc6 30. Rb7+ Ke8 31. Qxg7 Rc1 32.
Qe7# 1-0

[Event "*** Titled Tuesday Blitz"]
[Site "Chess.com"]
[Date "2019.11.05"]
[Round "3"]
[White "MissingLife"]
[Black "ChessQueen"]
[Result "0-1"]
[WhiteElo "2448"]
[BlackElo "2670"]
[TimeControl "180+2"]
[EndTime "13:36:46 PST"]
[Termination "ChessQueen won on time"]

1. c4 Nf6 2. Nf3 b6 3. g3 Bb7 4. Bg2 e6 5. Nh4 Bxg2 6. Nxg2 d5 7. cxd5 Nxd5 8. Qa4+ Qd7 9. Qb3 c5 10. O-O Nc6 11.
d3 Be7 12. Nc3 O-O 13. Nxd5 exd5 14. e3 Bf6 15. Nf4 Rfd8 16. Bd2 Ne5 17. Kg2 c4 18. Qa3 d4 19. e4 Be7 20. Qa6 Rac8 21. Rac1 b5 22.
Ba5 Re8 0-1

[Event "*** Titled Tuesday Blitz"]
[Site "Chess.com"]
[Date "2019.11.05"]
[Round "3"]
[White "IMDT02"]
[Black "Eliwood44"]
[Result "0-1"]
[WhiteElo "2586"]
[BlackElo "2358"]
[TimeControl "180+2"]
[EndTime "13:36:47 PST"]
[Termination "Eliwood44 won by resignation"]

1. d4 Nf6 2. c4 e6 3. Nc3 d5 4.
cxd5 exd5 5. Bg5 c6 6. Qc2 Nbd7 7. e3 h6 8. Bh4 Be7 9. Bd3 Nh5 10. Bxe7 Qxe7 11.
Nge2 Nb6 12. O-O-O Bd7 13. h3 O-O-O 14. g4 Nf6 15. Ng3 g6 16. Rhe1 h5 17. g5 Ne8 18.
h4 Bg4 19. Rd2 Nd6 20. b3 Kb8 21. Kb1 Rhe8 22. a4 Rc8 23. a5 Nd7 24. Na4 Ne4 25.
Nxe4 dxe4 26. Bc4 c5 27. dxc5 Nxc5 28. Nxc5 Rxc5 29. Qa2 Rec8 30. Rc1 Be6 31. Rdc2 Bxc4 32. Rxc4 Rxc4 33. Rxc4 Rxc4 34. bxc4 Qb4+ 35. Qb2 Qxc4 36.
Qe5+ Kc8 37. Kb2 b6 38. axb6 axb6 39. Qf6 Kb7 40. Qe7+ Ka6 41. Qf6 Ka5 42. Ka3 Qd5 43. Qc3+ Ka6 44. Qc8+ Kb5 45. Qe8+ Kc4 46. Qa4+ Kd3 47.
Qd1+ Kc4 48. Qa4+ Kc5 49. Qb4+ Kc6 50. Kb2 Qb5 0-1

[Event "*** Titled Tuesday Blitz"]
[Site "Chess.com"]
[Date "2019.11.05"]
[Round "3"]
[White "misha_chessone"]
[Black "FearlessKing64"]
[Result "1/2-1/2"]
[WhiteElo "2532"]
[BlackElo "2307"]
[TimeControl "180+2"]
[EndTime "13:36:55 PST"]
[Termination "Game drawn by repetition"]

1. d4 Nf6 2. c4 g6 3. Nc3 d5 4.
cxd5 Nxd5 5. e4 Nxc3 6. bxc3 Bg7 7. Bc4 c5 8. Be3 Qa5 9. Qd2 O-O 10. Ne2 Nc6 11. Rd1 Rd8 12. O-O cxd4 13. cxd4 Qxd2 14.
Rxd2 Bg4 15. f3 Bd7 16. d5 Ne5 17. Bb3 Bb5 18. Rc1 Rac8 19. Bxa7 Bxe2 20. Rxc8 Rxc8 21.
Rxe2 Rc1+ 22. Kf2 Bh6 23. Rc2 Nd3+ 24. Ke2 Nf4+ 25. Kf2 Nd3+ 26. Ke2 Nf4+ 27. Kf2 Nd3+ 1/2-1/2